 Dungeon Crawl Stone Soup version 0.28-a0-1117-g0bdd5ba030 (webtiles) character file.

Game seed: 18093232682797207362

10 ducksouse the Magician (level 2, 0/21 HPs)
             Began as a Djinni Fire Elementalist on Dec 11, 2021.
             Slain by a jackal (2 damage)
             ... on level 1 of the Dungeon.
             The game lasted 00:01:25 (473 turns).

ducksouse the Magician (Djinni Fire Elementalist)    Turns: 473, Time: 00:01:27

Health: 0/21       AC:  2    Str:  7    XL:     2   Next: 30%
Gold:   22         EV: 12    Int: 16    God:
                   SH:  0    Dex: 13

rFire   + + .      SeeInvis .   e - +0 long sword
rCold   x . .      Faith    .   (no shield)
rNeg    . . .      Spirit   .   a - +0 robe
rPois   ∞          Reflect  .   (no helmet)
rElec   .          Harm     .   (no cloak)
rCorr   .          Rampage  .   (no gloves)
Will    .....                   (boots unavailable)
Stlth   ++........              (no amulet)
HPRegen 0.07/turn               (no ring)
MPRegen 0.00/turn               (no ring)

@: flying
A: sickness immunity, fire resistance 2, cold vulnerability 1, float, innate
caster, hp casting, extra vitality 1
a: no special abilities


You were on level 1 of the Dungeon.
You visited 1 branch of the dungeon, and saw 1 of its levels.

You collected 22 gold pieces.

Inventory:

Hand Weapons
 e - a +0 long sword (weapon)
Armour
 a - a +0 robe (worn)
Scrolls
 c - a scroll of identify {unknown}
Potions
 b - a potion of cancellation {unknown}
 d - a potion of berserk rage {unknown}


   Skills:
 + Level 2.5 Dodging
 + Level 1.9 Stealth
 + Level 2.5 Spellcasting


You couldn't memorise any spells.
You knew the following spells:

 Your Spells              Type           Power      Damage    Failure   Level
a - Foxfire               Conj/Fire      40%        2x1d6     7%          1
b - Scorch                Fire           20%        2d6       11%         2
c - Conjure Flame         Conj/Fire      10%        6-21      21%         3
d - Inner Flame           Hex/Fire       10%        N/A       21%         3
e - Flame Wave            Conj/Fire      10%        2d5       56%         4
Your spell library was empty.

Dungeon Overview and Level Annotations

Branches:
Dungeon (1/15)

Altars:

Shops:
D:1 (


Innate Abilities, Weirdness & Mutations

You are immune to sickness and miasma.
You are immune to poison.
Your flesh is very heat resistant. (rF++)
You are vulnerable to cold. (rC-)
You float through the air rather than walking.
You learn spells naturally, not from books.
Your magical power is your life essence.
You have superior vitality. (+4 HP)


Message History

Flames lash the jackal.
You kill the jackal!
You hear a bark! x3
A jackal comes into view.
A rat, a jackal and a kobold come into view.
The jackal barks!
The rat bites you. The rat bites you.
A jackal comes into view.
You are too injured to fight recklessly!
The kobold shouts!
The jackal barks!
The rat bites you but does no damage.
You barely miss the rat.
The jackal bites you but does no damage.
An endoplasm comes into view.
The rat barely misses you. The rat barely misses you. The jackal bites you.
You are too injured to fight recklessly!
You are too injured to fight recklessly!
You barely miss the rat. The rat closely misses you. The rat misses you.
You slash the rat!
You kill the rat!
You hit the jackal.
The jackal is lightly wounded.
The jackal bites you but does no damage.
The jackal bites you. The jackal bites you.
* * * LOW HITPOINT WARNING * * *
You are too injured to fight recklessly!
You hit the jackal.
The jackal is heavily wounded.
The jackal barely misses you. The jackal misses you.
You closely miss the jackal.
The jackal is heavily wounded.
The jackal bites you.
* * * LOW HITPOINT WARNING * * *
The jackal bites you.
* * * LOW HITPOINT WARNING * * *
The jackal bites you.
You die...

#.##...#...# #.....#...#
#.##.# #.#.#####.#.#.#.###
#....# #.#...#...#...#..<#
####.#######.#.#####.#####
#......##...# #.......#
##################
#########
.................# #.#
#######..##.....#######.#
#...##.....@hK.....#
#.).........h####.!#
#...##..####.# #.....
###.##..# #.# #K###..#
#.##..# #.# #.# .# #.##...
... ... # #.... ..†.# #J.
#.. ##.#.# #.. .. .#


You could see 2 jackals and a kobold.

Vanquished Creatures
  A bat (D:1)
  2 goblins (D:1)
  A hobgoblin (D:1)
  A jackal (D:1)
  A kobold (D:1)
  A quokka (D:1)
  A rat (D:1)
8 creatures vanquished.

Vanquished Creatures (others)
  15 foxfires (D:1)
15 creatures vanquished.

Grand Total: 23 creatures vanquished

Notes
Turn   | Place    | Note
-------+----------+-------------------------------------------
     0 | D:1      | ducksouse the Djinni Fire Elementalist began the quest for
                  | the Orb.
     0 | D:1      | Reached XP level 1. HP: 15/15 MP: 0/0
   119 | D:1      | Found Sikovvac's Antique Weapon Shop.
   404 | D:1      | Reached XP level 2. HP: 12/21 MP: 0/0
   473 | D:1      | Slain by a jackal

Illustrated notes

Levels and vault maps discovered:
D:1:      elethiomel_arrival_maze, layout_loops_ring,
          chequers_ecumenical_altar_simple_redux, serial_shops,
          nicolae_square_shop

Action                   || total
-------------------------++-------
Melee: Unarmed           ||     5
       Long sword        ||     6
 Cast: Foxfire           ||    15
       Scorch            ||     2
Armor: Robe              ||     8
Dodge: Dodged            ||    15

Table legend: (Time is in decaauts)
 A = Elapsed time spent in this place.
 B = Non-inter-level travel time spent in this place.
 C = Inter-level travel time spent in this place.
 D = Time resting spent in this place.
 E = Time spent auto-exploring this place.
 F = Levels seen in this place.
 G = Mean time per level.
                   A        B        C        D        E       F      G
               +--------+--------+--------+--------+--------+-----+--------+
         Total |    474 |    474 |      0 |    206 |     61 |   1 |  474.0 |
       Dungeon |    474 |    474 |      0 |    206 |     61 |   1 |  474.0 |
               +--------+--------+--------+--------+--------+-----+--------+

Top non-repeatable levels by time:
     D:1: 474 daAuts
